Map: [ESL] Gresvan

Players

soO

  • Race: Zerg Zerg

Zoun - Winner!

  • Race: Protoss Protoss

Event: IEM Katowice 2023

VOD

Have the link to the VOD?

Description

Time

  • Played on: Feb. 8, 2023, 10:05 a.m.
  • Length: 35:38

All games in this series

Show
View Real Time Build Order
Export as new Build Order

soO Zerg 

Build Orders: Hatch First 

Get SALT Encoding   

  12  0:00  Drone  
  13  0:12  Overlord  
  13  0:17  Drone  
  14  0:30  Drone x2  
  16  0:44  Drone  
  17  0:50  Hatchery  
  17  0:54  Drone  
  17  0:58  Drone  
  18  1:09  Extractor  
  17  1:12  Spawning Pool  
  17  1:15  Drone  
  17  1:19  Drone  
  18  1:27  Drone  
  19  1:38  Drone  
  20  1:51  Drone  
  21  2:00  Zergling x2  
  22  2:02  Queen x2  
  22  2:03  Drone  
  27  2:12  Metabolic Boost  
  27  2:13  Overlord  
  27  2:14  Drone  
  28  2:31  Drone x3  
  28  2:36  Drone  
  32  2:42  Hatchery, Zergling x2  
  32  2:48  Queen  
  34  2:53  Overlord  
  34  2:55  Drone  
  34  2:57  Drone  
  36  3:01  Spore Crawler  
  36  3:04  Drone  
  36  3:11  Queen  
  38  3:13  Drone x2  
  38  3:15  Overlord  
  38  3:16  Drone  
  38  3:19  Drone  
  43  3:20  Drone  
  43  3:28  Drone  
  43  3:33  Queen  
  46  3:37  Zergling x2  
  46  3:40  Zergling x4  
  49  3:42  Zergling x6  
  52  3:53  Drone, Queen x2  
  57  3:55  Drone  
  57  3:57  Overlord  
  57  4:01  Overlord  
  58  4:06  Overlord  
  58  4:11  Spore Crawler  
  58  4:12  Overlord  
  58  4:13  Drone  
  58  4:14  Drone, Evolution Chamber  
  58  4:16  Drone x2  
  60  4:18  Drone  
  60  4:19  Drone  
  60  4:20  Drone  
  60  4:23  Drone x2  
  65  4:26  Drone  
  65  4:28  Drone  
  67  4:34  Drone  
  67  4:36  Drone  
  67  4:37  Drone  
  70  4:43  Drone  
  70  4:45  Drone x3  
  74  4:49  Zerg Melee Weapons Level 1  
  74  4:52  Spore Crawler  
  73  4:54  Drone  
  73  4:56  Drone  
  72  5:03  Zergling x2  
  72  5:04  Zergling x10  
  72  5:05  Spore Crawler  
  72  5:06  Drone  
  75  5:08  Hatchery  
  75  5:11  Lair, Drone  
  75  5:13  Drone  
  76  5:14  Drone  
  76  5:16  Drone  
  76  5:18  Drone  
  79  5:22  Overlord  
  79  5:24  Drone x3  
  79  5:27  Drone x4  
  84  5:30  Drone x3  
  84  5:34  Drone  
  85  5:36  Drone x2  
  85  5:38  Extractor  
  85  5:40  Extractor, Drone  
  85  5:41  Roach Warren  
  85  5:42  Extractor  
  84  5:48  Zergling x4  
  85  5:53  Zergling x12  
  89  6:01  Drone x4  
  89  6:03  Extractor  
  89  6:05  Drone x3  
  89  6:06  Baneling Nest  
  91  6:15  Overlord  
  91  6:16  Drone x2  
  93  6:19  Overlord  
  93  6:20  Drone  
  93  6:21  Drone  
  95  6:29  Glial Reconstitution  
  95  6:31  Drone x2  
  95  6:32  Drone  
  98  6:33  Drone  
  98  6:34  Drone  
  100  6:40  Overlord, Drone  
  100  6:42  Roach x7  
  100  6:45  Zerg Melee Weapons Level 2  
  115  6:47  Overlord  
  115  6:48  Roach, Evolution Chamber  
  115  6:49  Roach  
  115  6:53  Overseer, Spore Crawler  
  117  6:56  Roach  
  117  6:57  Overlord  
  117  6:59  Drone  
  120  7:01  Roach x2  
  120  7:04  Overlord  
  120  7:08  Overlord  
  124  7:09  Roach x2  
  124  7:10  Overlord, Roach, Centrifugal Hooks  
  130  7:16  Roach x5  
  130  7:20  Roach x2  
  144  7:27  Zerg Missile Weapons Level 1  
  144  7:29  Zergling x16  
  152  7:34  Zergling x4  
  154  7:44  Zergling x6  
  154  7:48  Zergling x20  
  154  7:50  Baneling x13  
  166  7:55  Overlord  
  166  7:56  Overlord  
  166  7:57  Overlord  
  164  8:00  Baneling x6  
  164  8:03  Baneling  
  164  8:04  Overlord, Baneling x3  
  164  8:09  Overlord  
  164  8:11  Overlord  
  164  8:13  Overlord x2  
  164  8:14  Drone x2  
  164  8:16  Extractor  
  164  8:17  Extractor, Zergling x20  
  174  8:21  Hatchery, Zergling x10  
  178  8:28  Baneling x13  
  178  8:30  Zergling x6  
  181  8:34  Baneling x3  
  181  8:35  Zergling x4  
  183  8:41  Baneling x5  
  183  8:43  Baneling  
  183  8:44  Zergling x12  
  183  8:45  Zergling x8  
  183  8:48  Baneling x3  
  179  9:03  Zergling x16  
  172  9:13  Zergling x26  
  172  9:15  Baneling  
  172  9:16  Baneling x13  
  178  9:22  Infestation Pit  
  168  9:34  Baneling x14  
  168  9:36  Zergling x20  
  178  9:40  Ravager  
  178  9:43  Zergling x4  
  178  9:44  Zergling x12  
  187  9:48  Baneling x7  
  182  9:56  Zergling x18  
  189  10:04  Zergling x6  
  180  10:08  Zergling x6  
  160  10:15  Zergling x26  
  160  10:19  Zergling x4  
  156  10:22  Zergling x2  
  156  10:24  Zergling x2  
  156  10:28  Hive  
  140  10:35  Baneling x13  
  140  10:38  Drone  
  140  10:39  Drone x2  
  140  10:40  Spire, Spore Crawler  
  140  10:41  Baneling x4, Ravager  
  142  10:45  Drone x4  
  142  10:47  Baneling x6  
  142  10:48  Zergling x2  
  142  10:49  Zergling x2  
  148  10:54  Zergling x12  
  140  11:10  Zergling x30  
  146  11:15  Zerg Missile Weapons Level 2  
  146  11:17  Baneling x5  
  138  11:37  Zergling x38  
  154  11:43  Adrenal Glands  
  154  11:47  Zerg Melee Weapons Level 3  
  154  11:48  Zergling x8  
  154  11:51  Baneling x5  
  154  11:52  Baneling x2  
  158  11:57  Greater Spire  
  158  11:58  Hatchery  
  158  11:59  Drone x2  
  158  12:00  Spore Crawler  
  156  12:03  Zergling x2  
  156  12:04  Zergling x14  
  150  12:25  Zergling x26  
  150  12:27  Corruptor x5  
  172  12:37  Baneling x4  
  172  12:38  Baneling x11  
  166  13:02  Zergling x20  
  166  13:04  Extractor  
  175  13:10  Brood Lord x4  
  172  13:16  Drone  
  172  13:18  Brood Lord  
  172  13:20  Zergling x30  
  187  13:32  Drone x2  
  181  13:34  Zergling x2  
  181  13:35  Zergling x20  
  192  13:45  Baneling x11  
  192  13:52  Spine Crawler  
  192  13:53  Spine Crawler, Spore Crawler  
  167  14:10  Zergling x20  
  150  14:17  Corruptor x3  
  150  14:18  Corruptor  
  150  14:19  Zergling x24  
  163  14:33  Baneling x3, Zergling x18  
  163  14:38  Baneling x13  
  172  14:47  Corruptor x6  
  180  15:02  Overlord, Zerg Flyer Weapons Level 1  
  180  15:10  Drone x2  
  180  15:11  Extractor x2  
  180  15:12  Brood Lord x2  
  184  15:15  Overseer  
  184  15:22  Drone  
  184  15:23  Drone  
  184  15:24  Spine Crawler  
  184  15:25  Spine Crawler  
  184  15:29  Baneling x8  
  184  15:34  Corruptor x3  
  181  15:54  Corruptor x2  
  181  15:55  Corruptor x2  
  177  15:59  Corruptor  
  177  16:00  Corruptor  
  177  16:03  Zergling x34  
  198  16:17  Zergling x2  
  197  16:42  Zergling x4  
  138  17:17  Corruptor x2  
  138  17:18  Corruptor x6  
  130  17:23  Zergling x24  
  130  17:24  Zergling x10  
  130  17:29  Zergling x2  
  128  17:31  Corruptor  
  128  17:34  Spore Crawler  
  129  17:38  Zergling x8  
  129  17:40  Spore Crawler  
  129  17:43  Brood Lord x3  
  138  17:49  Corruptor x6  
  149  18:01  Brood Lord x2  
  149  18:02  Brood Lord x2  
  156  18:07  Corruptor x3  
  156  18:11  Extractor x2  
  160  18:17  Zerg Flyer Weapons Level 2, Zergling x14  
  166  18:23  Drone  
  166  18:26  Overseer x2  
  167  18:30  Corruptor x3  
  172  18:50  Corruptor x4  
  180  19:16  Baneling x14  
  179  19:24  Spore Crawler  
  179  19:25  Spore Crawler x4  
  179  19:30  Corruptor x4  
  179  19:31  Corruptor  
  180  19:47  Zergling x36  
  188  20:01  Drone x2  
  188  20:02  Drone  
  183  20:08  Zergling x2  
  183  20:09  Zergling x32  
  192  20:30  Hatchery  
  175  20:57  Zerg Flyer Weapons Level 3  
  175  20:58  Zerg Ground Armor Level 1  
  175  21:01  Viper  
  176  21:04  Zergling x38  
  179  21:36  Baneling x9  
  179  21:37  Zergling x22  
  189  21:40  Baneling x7  
  189  21:45  Pneumatized Carapace  
  182  22:03  Ultralisk Cavern  
  182  22:05  Baneling x14  
  181  22:11  Drone x2  
  181  22:12  Extractor  
  181  22:13  Extractor  
  181  22:14  Spine Crawler x2  
  181  22:15  Spine Crawler  
  178  22:25  Drone x2  
  176  22:49  Drone x2  
  178  22:52  Spine Crawler  
  178  22:53  Spine Crawler  
  175  23:03  Hatchery  
  168  23:07  Corruptor x7, Zergling x34  
  189  23:26  Chitinous Plating  
  188  23:31  Ultralisk, Zergling x10  
  199  23:40  Zerg Flyer Armor Level 1  
  197  23:59  Spore Crawler  
  197  24:00  Spore Crawler x3  
  197  24:02  Drone x2, Spore Crawler x2  
  192  24:03  Zerg Ground Armor Level 2  
  192  24:05  Spore Crawler  
  191  24:13  Ultralisk, Hatchery  
  191  24:14  Zergling x6  
  192  24:45  Anabolic Synthesis  
  181  24:54  Ultralisk x2, Zergling x16  
  181  24:59  Baneling x14  
  200  25:08  Overseer x3  
  200  25:11  Extractor  
  199  25:14  Extractor  
  185  25:29  Brood Lord x2  
  183  25:35  Zergling x2  
  183  25:36  Zergling x30  
  194  25:48  Drone x3  
  196  25:58  Infestor  
  196  26:00  Drone  
  199  26:24  Drone x3  
  199  26:25  Infestor  
  195  26:26  Infestor  
  195  26:27  Zerg Flyer Armor Level 2, Spore Crawler  
  198  26:33  Drone  
  198  26:39  Zergling x12  
  199  26:40  Zergling x6  
  199  26:45  Spore Crawler  
  199  26:46  Spore Crawler  
  199  26:47  Spore Crawler x3  
  194  26:57  Infestor x2  
  193  27:11  Baneling x8  
  193  27:12  Baneling x6  
  193  27:20  Zergling x16  
  199  27:58  Zerg Ground Armor Level 3  
  199  28:11  Overseer  
  199  28:12  Overseer x2  
  187  28:29  Zergling x38  
  189  28:45  Hatchery  
  188  28:54  Brood Lord x2  
  188  28:55  Brood Lord x2  
  195  29:21  Baneling x6  
  195  29:22  Baneling  
  185  29:52  Ultralisk x3  
  178  29:53  Ultralisk, Zergling x32  
  197  30:23  Extractor  
  191  30:32  Zergling x10  
  191  30:33  Zergling x12  
  198  30:44  Baneling x14  
  198  30:48  Zerg Flyer Armor Level 3  
  198  30:57  Corruptor  
  197  31:19  Drone x2  
  197  31:22  Spore Crawler  
  197  31:23  Spore Crawler x2  
  197  31:24  Spore Crawler  
  195  31:25  Spore Crawler x2  
  182  31:41  Drone x3  
  183  31:52  Drone x4  
  183  31:53  Drone, Spore Crawler  
  187  31:54  Spore Crawler x2  
  187  31:59  Corruptor  
  187  32:00  Corruptor x6  
  199  32:02  Baneling x6  
  199  32:03  Baneling x10  
  199  32:20  Drone x2  
  199  32:22  Drone x2  
  200  32:25  Spore Crawler x2  
  200  32:27  Spore Crawler  
  200  32:29  Spore Crawler  
  184  32:40  Brood Lord x3  
  170  33:02  Corruptor x10  
  185  33:09  Overseer  
  185  33:15  Hatchery  
  184  33:24  Infestor  
  184  33:26  Infestor  
  188  33:36  Corruptor  
  190  33:44  Corruptor  
  192  34:05  Brood Lord  
  192  34:06  Brood Lord  
  196  34:28  Corruptor  
  196  34:29  Corruptor  
  200  34:48  Viper  
  200  34:57  Extractor  
Show
View Real Time Build Order
Export as new Build Order

Zoun Protoss - Winner!

Build Orders: 1 Gate Expand, Oracle Opening, Carriers, Zealot Archon 

Get SALT Encoding   

  12  0:00  Probe  
  13  0:12  Probe  
  14  0:20  Pylon  
  14  0:24  Probe  
  15  0:38  Probe (Chrono Boost)  
  15  0:41  Gateway  
  16  0:48  Probe (Chrono Boost)  
  16  0:49  Assimilator  
  17  0:53  Probe (Chrono Boost)  
  18  1:05  Probe  
  19  1:17  Probe  
  20  1:26  Nexus  
  20  1:36  Cybernetics Core  
  20  1:39  Probe  
  21  1:48  Assimilator  
  21  1:51  Probe  
  22  1:55  Pylon  
  22  2:03  Probe  
  23  2:11  Adept (Chrono Boost)  
  25  2:15  Probe  
  25  2:19  Stargate  
  26  2:28  Probe  
  26  2:29  Warp Gate  
  27  2:36  Adept  
  29  2:39  Probe (Chrono Boost)  
  29  2:40  Probe (Chrono Boost)  
  31  2:49  Probe x2 (Chrono Boost)  
  33  2:54  Probe x2 (Chrono Boost)  
  35  3:02  Oracle (Chrono Boost)  
  38  3:06  Probe x2  
  40  3:18  Probe x2  
  40  3:19  Pylon  
  42  3:23  Gateway  
  42  3:30  Probe x2, Adept  
  46  3:35  Oracle (Chrono Boost)  
  49  3:42  Probe x2  
  51  3:54  Nexus  
  51  3:55  Pylon  
  51  3:56  Probe  
  51  3:58  Probe  
  53  4:07  Assimilator  
  53  4:08  Assimilator, Probe  
  54  4:16  Shield Battery, Adept  
  56  4:17  Adept  
  56  4:22  Probe x2  
  60  4:29  Twilight Council  
  60  4:30  Forge  
  60  4:34  Probe x2  
  60  4:45  Zealot  
  60  4:52  Pylon  
  62  4:53  Pylon  
  62  5:03  Charge  
  62  5:05  Probe x2  
  64  5:09  Adept x2  
  64  5:10  Probe  
  69  5:14  Templar Archives  
  69  5:16  Protoss Ground Weapons Level 1 (Chrono Boost)  
  69  5:18  Probe x2  
  71  5:22  Probe  
  71  5:23  Gateway  
  71  5:24  Gateway  
  72  5:30  Probe x2  
  72  5:34  Probe  
  67  5:37  Pylon  
  67  5:42  Gateway, Probe x2  
  69  5:43  Gateway  
  69  5:46  Probe  
  69  5:54  Probe x2  
  64  5:59  High Templar x2, Probe  
  64  6:03  Archon  
  64  6:04  Shield Battery  
  68  6:06  Pylon, Probe (Chrono Boost)  
  68  6:09  Probe (Chrono Boost), Robotics Facility  
  68  6:11  Probe (Chrono Boost)  
  71  6:13  Assimilator  
  71  6:14  Assimilator  
  73  6:18  Probe (Chrono Boost)  
  73  6:19  High Templar x2  
  73  6:21  Probe (Chrono Boost)  
  73  6:22  Pylon, Probe (Chrono Boost)  
  73  6:24  Probe (Chrono Boost)  
  79  6:29  Archon  
  79  6:30  Probe x2  
  81  6:32  Shield Battery  
  81  6:35  Gateway x2  
  81  6:36  High Templar x2  
  81  6:38  Gateway  
  85  6:41  Archon  
  85  6:44  Pylon  
  85  6:45  Zealot x2  
  89  6:50  Photon Cannon  
  89  6:52  Probe x2  
  91  7:03  Nexus  
  91  7:05  Pylon, Probe  
  91  7:07  Protoss Ground Weapons Level 2 (Chrono Boost), Observer  
  93  7:09  Probe x2  
  93  7:10  Sentry  
  93  7:11  Robotics Bay  
  93  7:13  Probe  
  97  7:17  Probe x2  
  100  7:23  Zealot x2  
  100  7:24  Photon Cannon  
  100  7:25  Shield Battery  
  100  7:27  Probe  
  100  7:29  Photon Cannon  
  105  7:32  Stalker  
  105  7:34  Probe x2, Observer  
  110  7:40  Pylon  
  110  7:42  Zealot x2  
  114  7:51  Probe  
  114  7:53  Shield Battery  
  114  7:54  Probe x2  
  114  7:56  Disruptor (Chrono Boost)  
  119  8:11  High Templar x4, Blink  
  127  8:15  Archon x2  
  127  8:18  Probe  
  127  8:19  Probe  
  129  8:20  Assimilator  
  129  8:22  Assimilator, Zealot x2, Observer  
  129  8:23  Zealot x3  
  129  8:26  Shield Battery, Disruptor (Chrono Boost)  
  139  8:27  Photon Cannon  
  139  8:28  Photon Cannon  
  139  8:30  Photon Cannon  
  142  8:35  Gateway  
  142  8:36  Gateway  
  142  8:39  Shield Battery  
  142  8:47  High Templar x2  
  146  8:51  Archon  
  146  8:53  Stalker  
  136  9:03  Probe  
  136  9:07  Zealot x5  
  137  9:17  Pylon x3  
  137  9:18  Pylon  
  137  9:21  Nexus  
  131  9:30  Photon Cannon  
  127  9:32  Photon Cannon  
  127  9:35  Disruptor (Chrono Boost)  
  127  9:36  Pylon  
  127  9:37  High Templar x4  
  138  9:39  Nexus  
  138  9:40  Pylon  
  138  9:41  Archon x2  
  138  9:45  High Templar  
  138  9:46  High Templar  
  138  9:50  Archon  
  142  9:53  Probe  
  142  9:55  Photon Cannon  
  142  9:57  Photon Cannon  
  142  9:59  Stalker x2  
  141  10:06  Zealot  
  141  10:07  Disruptor (Chrono Boost)  
  137  10:16  Zealot x2  
  137  10:17  Stalker x2  
  137  10:20  Stalker  
  128  10:22  Zealot x2  
  128  10:25  Zealot  
  128  10:28  Probe x2  
  128  10:33  Disruptor (Chrono Boost)  
  131  10:37  Shield Battery  
  131  10:39  Photon Cannon  
  131  10:40  Photon Cannon  
  131  10:43  Zealot x3  
  137  10:52  High Templar x2  
  137  10:53  Zealot x2  
  137  10:54  Zealot  
  137  10:56  Archon  
  147  11:02  Disruptor  
  149  11:07  Stalker x2  
  149  11:08  Stalker  
  151  11:21  Assimilator  
  151  11:22  Assimilator  
  151  11:25  High Templar x2  
  153  11:26  Observer  
  153  11:29  Pylon, Protoss Ground Weapons Level 3 (Chrono Boost), Nexus, Archon  
  147  11:34  Probe x3  
  147  11:37  Disruptor  
  145  11:44  Probe  
  145  11:46  Probe x2  
  148  11:47  Observer  
  148  11:50  Zealot x2  
  148  11:51  Zealot x5  
  161  12:00  High Templar x2  
  165  12:03  Shield Battery  
  165  12:04  Archon  
  165  12:07  Photon Cannon  
  165  12:08  Photon Cannon  
  165  12:12  Fleet Beacon, Stargate  
  165  12:15  Warp Prism  
  164  12:24  Zealot x4, Stalker  
  164  12:29  Assimilator x2  
  174  12:47  Stargate  
  160  12:56  Zealot  
  160  12:57  Zealot  
  160  12:58  Carrier (Chrono Boost)  
  176  12:59  Carrier (Chrono Boost)  
  176  13:04  Sentry  
  178  13:07  Pylon  
  178  13:11  Zealot  
  180  13:14  Observer  
  180  13:17  Protoss Air Weapons Level 1 (Chrono Boost)  
  180  13:21  Zealot x4  
  180  13:26  Pylon  
  188  13:29  Carrier (Chrono Boost)  
  180  13:38  Observer (Chrono Boost)  
  180  13:40  Robotics Facility  
  181  13:46  Zealot  
  181  13:47  Zealot x5  
  193  13:51  Observer (Chrono Boost)  
  193  13:54  Forge  
  194  13:55  Zealot  
  194  13:56  Zealot  
  194  14:01  Zealot  
  157  14:26  Carrier (Chrono Boost)  
  157  14:30  Assimilator, Protoss Shields Level 1 (Chrono Boost), Probe x4, Protoss Ground Armor Level 1 (Chrono Boost)  
  167  14:37  Pylon, Carrier x2 (Chrono Boost)  
  179  14:52  Psionic Storm  
  179  14:53  Observer  
  179  14:54  Zealot x6  
  179  14:55  Zealot x3  
  179  15:06  Photon Cannon, Probe x2  
  181  15:08  Photon Cannon  
  181  15:12  Gateway, Observer  
  180  15:16  High Templar x4  
  180  15:20  Archon  
  180  15:21  Archon  
  187  15:30  Sentry  
  187  15:34  Tempest x2 (Chrono Boost)  
  189  15:57  High Templar x4  
  188  16:00  Probe  
  197  16:15  Probe  
  197  16:16  Probe x4  
  197  16:17  Tempest (Chrono Boost)  
  199  16:37  Tempest  
  195  16:53  Pylon x2  
  191  17:15  Archon, Stalker x4  
  158  17:16  Stalker x5  
  162  17:27  Probe x2  
  158  17:31  Observer  
  158  17:33  High Templar  
  160  17:37  Tempest x2, Nexus  
  160  17:38  Nexus  
  160  17:40  Protoss Air Weapons Level 2 (Chrono Boost)  
  160  17:42  Pylon  
  170  17:45  Assimilator  
  170  17:47  Pylon  
  170  17:49  Assimilator  
  170  17:54  High Templar x2  
  170  17:57  Zealot  
  176  17:59  Probe  
  176  18:00  Probe x2  
  176  18:02  High Templar x4  
  187  18:08  Archon x2  
  187  18:11  Shield Battery  
  187  18:12  Shield Battery  
  187  18:13  Photon Cannon  
  187  18:19  Observer  
  187  18:22  High Templar x4  
  187  18:26  Archon x2  
  195  18:31  Observer (Chrono Boost)  
  196  18:37  Observer  
  196  18:46  Observer  
  196  18:53  Assimilator x2  
  196  18:55  Observer  
  197  18:56  Protoss Shields Level 2 (Chrono Boost)  
  197  18:57  Protoss Ground Armor Level 2 (Chrono Boost)  
  195  19:04  Zealot x2  
  195  19:09  Sentry  
  200  19:36  Observer  
  200  19:37  Oracle  
  193  19:47  Pylon  
  193  19:50  Mothership (Chrono Boost), Observer  
  200  19:57  Observer  
  199  20:04  Probe x3 (Chrono Boost)  
  187  20:08  High Templar x4  
  187  20:09  Zealot x2  
  187  20:14  Archon x2  
  187  20:38  High Templar x2  
  187  20:39  Photon Cannon, Nexus  
  187  20:41  Photon Cannon  
  187  20:42  Archon  
  177  20:43  Pylon  
  177  20:48  Zealot, Nexus  
  177  20:49  Zealot x3  
  183  20:50  Protoss Air Weapons Level 3 (Chrono Boost)  
  176  20:58  Tempest  
  176  21:02  Zealot  
  181  21:15  Zealot x5  
  186  21:21  Zealot x3  
  186  21:23  Tempest x2  
  185  21:39  Shield Battery  
  185  21:47  Tempest  
  187  21:59  Assimilator  
  177  22:03  Zealot x5  
  177  22:06  Tempest (Chrono Boost)  
  192  22:19  High Templar x2  
  194  22:23  Archon  
  194  22:24  Zealot x3  
  194  22:28  Probe  
  193  22:43  Carrier (Chrono Boost)  
  199  22:52  Nexus  
  199  23:03  Pylon  
  181  23:05  Pylon  
  181  23:22  Protoss Air Armor Level 1 (Chrono Boost)  
  181  23:23  Shield Battery, Zealot  
  181  23:24  Zealot x6  
  195  23:36  Oracle (Chrono Boost)  
  195  23:37  Assimilator  
  195  23:42  Assimilator  
  195  23:44  Gateway x2  
  195  23:46  Gateway  
  195  23:47  Protoss Shields Level 3 (Chrono Boost)  
  195  23:57  Zealot  
  197  24:13  Oracle  
  186  24:40  Zealot x4  
  186  24:41  Zealot x3  
  192  25:00  Carrier  
  198  25:08  High Templar  
  200  25:20  Zealot  
  198  25:32  Immortal x2 (Chrono Boost)  
  192  25:40  Cybernetics Core  
  192  25:42  Observer  
  192  25:45  Assimilator  
  192  25:47  Protoss Ground Armor Level 3 (Chrono Boost)  
  192  25:52  Pylon, Zealot x3  
  192  25:53  Zealot  
  200  26:17  Probe  
  200  26:18  Probe x3  
  194  26:42  High Templar x2  
  198  26:48  Photon Cannon  
  198  26:49  Photon Cannon  
  198  26:51  Photon Cannon  
  198  26:52  Shield Battery  
  194  27:12  Observer  
  194  27:19  Shield Battery  
  194  27:20  Carrier (Chrono Boost)  
  200  27:50  Protoss Air Armor Level 2  
  200  28:17  Pylon  
  200  28:25  Oracle (Chrono Boost)  
  193  28:35  Zealot x3  
  199  28:45  Stargate  
  199  28:47  Stargate  
  199  28:50  Pylon  
  199  28:51  Gateway x2  
  199  28:53  Gateway  
  199  28:56  Gateway  
  196  29:03  Observer x2 (Chrono Boost)  
  196  29:08  Photon Cannon  
  196  29:09  Photon Cannon  
  194  29:17  Observer (Chrono Boost)  
  199  29:27  Gravitic Boosters  
  199  29:28  Void Ray (Chrono Boost)  
  199  29:29  Oracle (Chrono Boost)  
  199  29:50  Carrier (Chrono Boost)  
  187  29:57  Observer  
  200  30:06  Carrier (Chrono Boost)  
  200  30:18  Gravitic Drive  
  200  30:30  Photon Cannon  
  200  30:31  Photon Cannon  
  200  30:34  Shield Battery, Photon Cannon  
  199  30:41  Observer  
  199  30:57  Observer  
  199  30:58  Pylon  
  199  31:00  Nexus, Observer  
  200  31:20  Shield Battery  
  200  31:23  Shield Battery  
  200  31:25  Photon Cannon x2  
  200  31:27  Photon Cannon  
  200  31:30  Observer  
  199  31:48  Unknown, Flux Vanes  
  195  32:44  Stalker x2  
  173  32:53  Observer  
  173  32:54  Observer  
  173  32:55  Observer  
  162  32:58  Carrier (Chrono Boost)  
  162  32:59  Carrier (Chrono Boost), Observer  
  162  33:00  Carrier (Chrono Boost)  
  162  33:01  Carrier (Chrono Boost)  
  189  33:09  Carrier (Chrono Boost)  
  189  33:20  Nexus  
  189  33:22  Pylon  
  189  33:25  Pylon  
  189  33:28  High Templar x4  
  189  33:29  Assimilator  
  189  33:32  Archon  
  189  33:33  Archon  
  197  33:34  Assimilator  
  197  33:42  Shield Battery  
  197  33:44  Shield Battery, Observer  
  197  33:47  Photon Cannon, Oracle (Chrono Boost)  
  196  33:56  Observer  
  196  33:58  Photon Cannon x2  
  196  34:00  Photon Cannon  
  196  34:02  Photon Cannon  
  197  34:03  Shield Battery  
  197  34:26  High Templar  
  198  34:49  Observer  
  162  35:35  Archon  
  162  35:36  Stalker x7  
  170  35:37  Stalker  

Tags
 
Add a new tag
Caveats
  • Supply blocks, unpowered buildings, or Contaminate may cause inaccurate times.
  • Supply counts are checked every 10 seconds.